 Dungeon Crawl Stone Soup version 0.29.0-5-ge4962eb29e (webtiles) character file.

Game seed: 17425525658023334056

3 Sobieck the Trooper (level 1, -4/22 HPs)
             Began as an Ogre Warper on Aug 28, 2022.
             Slain by a gnoll
             ... wielding a +0 flail
              (11 damage)
             ... on level 1 of the Dungeon.
             The game lasted 00:00:57 (224 turns).

Sobieck the Trooper (Ogre Warper)                    Turns: 224, Time: 00:00:58

Health: -4/22      AC:  3    Str: 14    XL:     1   Next: 50%
Magic:  3/3        EV:  9    Int: 14    God:
Gold:   4          SH:  0    Dex:  8    Spells: 4/4 levels left

rFire   . . .      SeeInvis .   a - +0 mace {mace}
rCold   . . .      Faith    .   (no shield)
rNeg    . . .      Spirit   .   b - +0 robe
rPois   .          Reflect  .   (helmet restricted)
rElec   .          Harm     .   (no cloak)
rCorr   .          Rampage  .   (gloves unavailable)
Will    .....                   (boots unavailable)
Stlth   +.........              (no amulet)
HPRegen 0.07/turn               (no ring)
MPRegen 0.08/turn               (no ring)

@: attractive
A: large, unfitting armour, tough skin 1
a: no special abilities


You were on level 1 of the Dungeon.
You visited 1 branch of the dungeon, and saw 1 of its levels.

You collected 4 gold pieces.


Innate Abilities, Weirdness & Mutations

You are too large for most types of armour.
You have tough skin. (AC +1)


   Skills:
 + Level 2.8 Fighting
 * Level 1.9 Maces & Flails
 - Level 1.0 Throwing
 + Level 2.1 Dodging
 - Level 2.4 Spellcasting
 + Level 2.7 Translocations


You had 4 spell levels left.
You didn't know any spells.
Your spell library contained the following spells:

 Spells                   Type           Power      Damage    Failure   Level
 Blink                    Tloc           18%        N/A       11%         2
 Gell's Gravitas          Tloc           9%         N/A       22%         3
 Lesser Beckoning         Tloc           9%         N/A       22%         3
 Teleport Other           Tloc           9%         N/A       22%         3
 Manifold Assault         Tloc           9%         N/A       90%         5

Inventory:

Hand Weapons
 a - a +0 mace (weapon) {mace}
Missiles
 d - 7 boomerangs of dispersal (quivered) {=f!fthrowing}
Armour
 b - a +0 robe (worn)
Scrolls
 c - a scroll of blinking {!r}

Dungeon Overview and Level Annotations

Branches:
Dungeon (1/15) Zot: 5770

Altars:

############
#......g@..####### ###
....#######.......######..
. ........#...........##..
......#.#...........##..
.....#..#####..###......
.....#...# #..# #......
.....#....#####..###......
.....#.....#...............
#.#.#.......##.#.#.........


You could see a gnoll.


Message History

🤖 Initializing magus.rc ...
Options error: Bad monster_list_colour key: strict_neutral (~/.crawlrc:4810) Bad channel name for runrest: 'pray:' ✅ Successfully initialized magus_sobieck.rc [v0.0.3] Welcome, Sobieck the Ogre Warper.
Will you prevail where others failed? Will you find the Orb of Zot?
Press ? for a list of commands and other information.
Found twelve orc skeletons and six ogre skeletons.
Found a staircase leading out of the dungeon.
Unknown command.
Unknown command.
Found an escape hatch in the floor.
Unknown command.
There is an escape hatch in the floor here.
You see here an orc skeleton.
You open the door.
There is an open door here.
A quokka comes into view.
Danger!
The quokka bites you.
You hit the quokka but do no damage. The quokka misses you.
The quokka bites you.
You miss the quokka. The quokka bites you.
Unknown command.
You barely miss the quokka. The quokka bites you.
The quokka bites you but does no damage.
You sock the quokka!
You kill the quokka!
Unknown command.
You start resting.
Unknown command.
You now have 4 gold pieces.
A bat comes into view.
You see here a +2 pair of gloves.
Danger!
A bat is nearby!
Unknown command.
The bat closely misses you. The bat hits you. The bat closely misses you. x2
You completely miss the bat. The bat hits you but does no damage. x2
You miss the bat. The bat hits you but does no damage.
You hit the bat.
You kill the bat!
No target in view!
No target in view!
e - a blue potion Unknown command.
A bat comes into view.
Danger!
The bat hits you.
You hit the bat. You punch the bat.
You kill the bat!
No target in view!
No target in view!
A gnoll comes into view. It is wielding a +0 flail.
You see here a bat corpse.
Danger!
Unknown command.
Unknown command.
You see here a bat corpse.
Unknown command.
Really fire
d - 7 boomerangs of dispersal {=f!fthrowing}? [Y]es or [N]o only, please.
Really fire
d - 7 boomerangs of dispersal {=f!fthrowing}?
Unknown command.
Unknown command.
Okay, then.
Okay, then.
Unknown command.
It was a potion of attraction.
You feel attractive to monsters. The gnoll is attracted toward you.
Unknown command.
Unknown command.
You hit the gnoll but do no damage. The gnoll barely misses you.
You hit the gnoll but do no damage. The gnoll closely misses you.
The gnoll hits you with a +0 flail!
Unknown command.
You hit the gnoll. The gnoll barely misses you.
You hit the gnoll but do no damage. The gnoll barely misses you.
Unknown command.
You hit the gnoll. The gnoll hits you but does no damage.
You closely miss the gnoll. The gnoll hits you with a +0 flail!
* * * LOW HITPOINT WARNING * * *
The gnoll hits you with a +0 flail!
Ouch! That really hurt!
You die...

Action                   || total
-------------------------++-------
Melee: Mace              ||    14
       Punch             ||     1
  Use: Potion            ||     1
Armor: Robe              ||     5
Dodge: Dodged            ||     8

Levels and vault maps discovered:
D:1:      heliophobic_arrival_battle_scene, layout_basic, serial_rivers,
          chequers_serial_rivers_room_b, chequers_serial_rivers_micro_b,
          chequers_serial_rivers_room_a, chequers_serial_rivers_micro_d,
          ebering_ecumenical_altar_webs, hangedman_decor_opposing

Notes
Turn   | Place    | Note
-------+----------+-------------------------------------------
     0 | D:1      | Sobieck the Ogre Warper began the quest for the Orb.
     0 | D:1      | Reached XP level 1. HP: 22/22 MP: 3/3
   224 | D:1      | Slain by a gnoll

Vanquished Creatures
  2 bats (D:1)
  A quokka (D:1)
3 creatures vanquished.

Table legend:
 A = Non-vault XP
 B = Vault XP
 C = Vault XP percentage of total XP
 D = Non-vault monster count
 E = Vault monster count
 F = Vault count percentage of total count
                 A         B        C        D         E       F
            +---------+---------+-------+---------+---------+-------
      Total |       5 |       0 |   0.0 |       3 |       0 |   0.0
            +---------+---------+-------+---------+---------+-------
        D:1 |       5 |       0 |   0.0 |       3 |       0 |   0.0
            +---------+---------+-------+---------+---------+-------

Illustrated notes

Table legend:
 A = Kills in this place as a percentage of kills in entire the game.
 B = Kills by you in this place as a percentage of kills by you in the entire game.
 C = Kills by friends in this place as a percentage of kills by friends in the entire game.
 D = Other kills in this place as a percentage of other kills in the entire game.
 E = Experience gained in this place as a percentage of experience gained in the entire game.
 F = Experience gained in this place divided by the number of levels of this place that you have seen.
                   A       B       C       D       E      F
               +-------+-------+-------+-------+-------+----------------------
         Total | 100.0 | 100.0 |   N/A |   N/A | 100.0 |   5.0
       Dungeon | 100.0 | 100.0 |   N/A |   N/A | 100.0 |   5.0
               +-------+-------+-------+-------+-------+----------------------

Table legend: (Time is in decaauts)
 A = Elapsed time spent in this place.
 B = Non-inter-level travel time spent in this place.
 C = Inter-level travel time spent in this place.
 D = Time resting spent in this place.
 E = Time spent auto-exploring this place.
 F = Levels seen in this place.
 G = Mean time per level.
                   A        B        C        D        E       F      G
               +--------+--------+--------+--------+--------+-----+--------+
         Total |    227 |    227 |      0 |    110 |     80 |   1 |  227.0 |
       Dungeon |    227 |    227 |      0 |    110 |     80 |   1 |  227.0 |
               +--------+--------+--------+--------+--------+-----+--------+

Top non-repeatable levels by time:
     D:1: 227 daAuts
